Map: Dash and Terminal LE (Void)

Players

ARGJimy - Winner!

  • Race: Protoss Protoss
  • League: Grandmaster

wabbajack

  • Race: Zerg Zerg
  • League: Gold

VOD

Have the link to the VOD?

Description

Time

  • Played on: July 19, 2015, 2:24 p.m.
  • Length: 13:17
Show
View Real Time Build Order
Export as new Build Order

ARGJimy Protoss - Winner!

Build Orders:  

Get SALT Encoding   

  12  0:01  Probe  
  13  0:15  Pylon  
  13  0:25  Probe  
  14  0:35  Gateway  
  14  0:37  Probe (Chrono Boost)  
  14  0:41  Assimilator  
  15  0:47  Probe (Chrono Boost)  
  16  0:54  Probe  
  17  1:02  Gateway  
  17  1:06  Probe (Chrono Boost)  
  18  1:16  Probe (Chrono Boost)  
  19  1:22  Cybernetics Core  
  19  1:23  Probe  
  20  1:30  Assimilator  
  20  1:37  Pylon  
  20  1:39  Probe  
  21  1:51  Probe  
  22  2:01  Adept (Chrono Boost)  
  26  2:08  Adept (Chrono Boost)  
  26  2:10  Mothership Core (Chrono Boost)  
  26  2:11  Warp Gate  
  28  2:25  Probe (Chrono Boost)  
  29  2:36  Probe  
  30  2:47  Nexus  
  30  2:52  Pylon  
  30  3:10  Sentry  
  33  3:34  Probe  
  33  3:46  Probe  
  34  3:58  Probe (Chrono Boost)  
  35  4:08  Probe (Chrono Boost)  
  32  4:10  Probe (Chrono Boost)  
  34  4:17  Twilight Council  
  34  4:18  Probe (Chrono Boost)  
  34  4:19  Probe (Chrono Boost)  
  34  4:23  Pylon  
  35  4:24  Probe  
  35  4:26  Forge, Assimilator  
  35  4:27  Probe  
  37  4:36  Probe  
  37  4:37  Pylon  
  38  4:39  Sentry x2, Probe  
  38  4:40  Pylon  
  24  5:00  Probe (Chrono Boost)  
  24  5:01  Probe (Chrono Boost)  
  26  5:12  Probe x2 (Chrono Boost)  
  28  5:18  Probe (Chrono Boost)  
  28  5:19  Probe (Chrono Boost), Photon Cannon  
  30  5:22  Photon Cannon  
  32  5:29  Probe (Chrono Boost)  
  32  5:30  Probe (Chrono Boost)  
  32  5:33  Robotics Facility  
  32  5:35  Assimilator  
  32  5:36  Probe x2 (Chrono Boost)  
  32  5:41  Photon Cannon  
  34  5:46  Probe (Chrono Boost)  
  34  5:47  Probe (Chrono Boost)  
  36  5:57  Probe x2 (Chrono Boost)  
  38  5:59  Templar Archives  
  38  6:00  Sentry  
  38  6:01  Sentry  
  38  6:03  Probe  
  37  6:19  Probe (Chrono Boost)  
  37  6:20  Probe (Chrono Boost)  
  39  6:28  Gateway  
  39  6:29  Probe (Chrono Boost)  
  39  6:30  Probe (Chrono Boost)  
  41  6:36  Probe (Chrono Boost)  
  41  6:37  Probe (Chrono Boost)  
  44  6:48  Probe (Chrono Boost)  
  44  6:49  Probe (Chrono Boost)  
  45  6:55  Probe x2 (Chrono Boost)  
  45  6:57  Gateway  
  47  7:05  Probe  
  48  7:17  Gateway  
  48  7:18  Charge (Chrono Boost)  
  48  7:21  Gateway  
  48  7:22  Gateway  
  48  7:23  Gateway  
  48  7:24  Protoss Ground Weapons Level 1 (Chrono Boost)  
  48  7:27  Observer  
  49  7:42  Gateway  
  49  7:51  Gateway  
  49  7:57  Observer  
  50  8:02  Zealot x4  
  58  8:28  Nexus  
  58  8:31  Pylon  
  58  8:33  Pylon  
  58  8:36  Pylon  
  58  8:41  Probe x2  
  60  8:53  Probe x2  
  62  9:04  Photon Cannon  
  62  9:05  Probe, Photon Cannon  
  62  9:06  Probe, Gateway x2  
  64  9:11  Photon Cannon  
  64  9:12  Photon Cannon  
  64  9:16  Gateway  
  64  9:17  Probe  
  64  9:18  Probe  
  64  9:22  Gateway  
  66  9:28  Gateway  
  66  9:30  Probe x2  
  68  9:35  Protoss Ground Armor Level 1 (Chrono Boost)  
  68  9:36  Assimilator  
  68  9:38  Gateway  
  68  9:39  Assimilator  
  68  9:47  Probe  
  69  10:01  High Templar x2  
  69  10:02  High Templar x5  
  69  10:03  High Templar x4  
  91  10:07  Archon x3  
  91  10:08  Archon x2  
  91  10:11  High Templar  
  91  10:13  Zealot  
  95  10:17  Immortal (Chrono Boost), Archon  
  99  10:34  Probe (Chrono Boost), Pylon  
  99  10:35  Probe (Chrono Boost)  
  102  10:36  Probe (Chrono Boost)  
  102  10:45  Probe x3 (Chrono Boost)  
  102  10:48  Pylon  
  105  10:51  Probe x3, Photon Cannon  
  105  10:54  Blink (Chrono Boost)  
  108  10:57  Forge  
  108  11:03  Probe, Pylon  
  109  11:05  Photon Cannon  
  109  11:09  Pylon  
  109  11:12  Zealot  
  109  11:13  Zealot x3  
  109  11:16  Pylon  
  117  11:19  High Templar x4  
  117  11:21  Pylon  
  125  11:25  Archon  
  125  11:26  Archon  
  125  11:32  Probe x3  
  128  11:35  Pylon  
  128  11:44  Probe x3  
  131  11:49  Pylon  
  135  11:54  Immortal (Chrono Boost)  
  135  11:56  Probe x2  
  137  12:05  Pylon  
  137  12:13  Pylon, High Templar x3  
  137  12:14  Zealot x2  
  137  12:15  Zealot  
  149  12:22  Archon  
  149  12:23  Pylon  
  149  12:26  Stalker x2  
  149  12:27  Stalker  
  155  12:32  Immortal  
  159  12:48  Stalker x3  
  159  12:49  Stalker x2  
  145  13:15  Zealot x3  
Show
View Real Time Build Order
Export as new Build Order

wabbajack Zerg 

Build Orders: Hatch First, Lurkers 

Get SALT Encoding   

  12  0:01  Drone  
  13  0:14  Drone  
  13  0:18  Overlord  
  14  0:32  Drone, Extractor x2  
  14  0:33  Drone  
  16  0:41  Drone  
  17  0:59  Hatchery  
  16  1:10  Extractor  
  15  1:16  Spawning Pool  
  14  1:20  Drone x2  
  14  1:25  Drone  
  17  1:46  Drone  
  17  1:47  Drone  
  19  2:02  Queen  
  19  2:07  Extractor  
  20  2:08  Zergling x2  
  20  2:09  Zergling x2  
  20  2:10  Queen  
  24  2:16  Metabolic Boost  
  24  2:24  Overlord  
  24  2:44  Pneumatized Carapace  
  24  3:02  Drone  
  24  3:03  Baneling Nest  
  24  3:05  Drone  
  24  3:33  Zergling x2  
  24  3:34  Zergling x2  
  24  3:35  Zergling x12  
  27  3:57  Spine Crawler  
  26  4:04  Baneling x4  
  26  4:18  Zergling x6  
  29  4:26  Zergling x2  
  24  5:09  Drone  
  24  5:10  Drone x7  
  32  5:15  Baneling x2  
  32  5:21  Baneling x2  
  28  6:13  Drone  
  28  6:14  Drone x9  
  35  6:18  Overlord x2  
  35  6:30  Hatchery  
  35  6:32  Overlord  
  34  6:34  Overlord  
  34  6:46  Overlord  
  34  6:52  Roach Warren  
  34  6:53  Lair  
  33  6:57  Evolution Chamber  
  32  7:02  Spore Crawler  
  32  7:05  Spore Crawler  
  30  7:14  Drone x4  
  34  7:16  Drone x2  
  34  7:19  Drone  
  34  7:21  Drone  
  38  7:27  Zerg Missile Weapons Level 1  
  38  7:43  Drone x3  
  41  7:45  Roach x3  
  41  7:46  Roach  
  41  7:49  Queen  
  51  8:12  Drone, Hydralisk Den  
  51  8:13  Drone x11  
  62  8:20  Glial Reconstitution  
  62  8:34  Lurker Den, Extractor x2  
  62  8:38  Spore Crawler  
  59  8:42  Spine Crawler  
  59  8:43  Drone x3  
  59  8:45  Drone x3  
  59  8:47  Overlord  
  64  8:53  Hydralisk  
  64  8:54  Hydralisk x2  
  70  8:59  Drone x3  
  70  9:00  Drone x2  
  70  9:01  Drone  
  76  9:07  Overseer  
  76  9:15  Hydralisk x2  
  76  9:16  Roach x2  
  76  9:17  Overlord, Roach  
  86  9:22  Zerg Missile Weapons Level 2  
  86  9:31  Evolution Chamber  
  86  9:33  Drone x2  
  87  9:38  Extractor  
  87  9:40  Extractor  
  87  9:43  Drone x3  
  87  9:44  Drone x2  
  87  9:45  Drone  
  91  9:46  Drone x2  
  93  9:59  Overlord x3  
  93  10:03  Muscular Augments  
  93  10:05  Lurker x3  
  98  10:07  Roach  
  98  10:12  Hatchery  
  97  10:15  Zergling x2  
  97  10:20  Zergling x8  
  97  10:21  Zergling x4  
  104  10:23  Zerg Ground Armor Level 1  
  104  10:35  Hatchery, Overlord x2  
  104  10:40  Hydralisk x3, Roach  
  104  10:41  Roach x2  
  115  10:43  Hydralisk  
  115  10:47  Drone x2  
  115  10:49  Overlord  
  119  10:55  Overlord  
  119  11:03  Centrifical Hooks  
  119  11:06  Baneling  
  119  11:07  Baneling x3  
  119  11:09  Hydralisk x5  
  129  11:14  Overlord  
  129  11:34  Drone x4  
  129  11:35  Drone x6  
  129  11:36  Drone x2  
  141  11:47  Overlord x3  
  141  11:48  Overlord  
  141  11:51  Infestation Pit  
  140  11:54  Overseer  
  140  11:59  Zergling x8  
  144  12:13  Hydralisk x5, Roach  
  144  12:14  Hydralisk, Roach x5  
  144  12:15  Roach  
  172  12:20  Lurker x2  
  172  12:22  Lurker x2  
  164  12:49  Roach  
  164  12:50  Roach x12  
Tags
 
Add a new tag
Caveats
  • Supply blocks, unpowered buildings, or Contaminate may cause inaccurate times.
  • Supply counts are checked every 10 seconds.